 Dungeon Crawl Stone Soup version 0.30-a0-374-g95c0257040 (webtiles) character file.

Game seed: 12301782290283969800

3571 esteth the Thaumaturge (level 10, -8/111 HPs)
             Began as a Gnoll Hedge Wizard on Sept 8, 2022.
             Was an Elder of Fedhas.
             Succumbed to their own poison gas
             ... on level 10 of the Dungeon on Nov 25, 2022.
             The game lasted 00:28:56 (9643 turns).

esteth the Thaumaturge (Gnoll Hedge Wizard)         Turns: 9643, Time: 00:28:56

Health: -8/111     AC: 25    Str:  9    XL:     10   Next: 9%
Magic:  3/22       EV:  2    Int: 25    God:    Fedhas [****..]
Gold:   261        SH:  0    Dex: 17    Spells: 12/26 levels left

rFire   . . .      SeeInvis .    n - +1 trident
rCold   . . .      Faith    .    (no shield)
rNeg    . . .      Spirit   .    (body armour currently unavailable)
rPois   +          Reflect  +    (helmet currently unavailable)
rElec   .          Harm     .    (cloak currently unavailable)
rCorr   .          Rampage  .    (gloves currently unavailable)
Will    .....      NoTele   +    (boots currently unavailable)
Stlth   +.........               R - amulet of reflection
HPRegen 0.38/turn                D - +6 ring of dexterity
MPRegen 0.18/turn                I - +6 ring of intelligence

@: confused, lethally poisoned (-8 -> -71), tree-form, hasted, very quick
A: stationary, stasis, torment immunity, boosted hp, (fangs 1), strong nose,
distributed training
a: Renounce Religion, Wall of Briars, Grow Ballistomycete, Overgrow


You were on level 10 of the Dungeon.
You worshipped Fedhas.
Fedhas was greatly pleased with you.
You were a tree.
You visited 1 branch of the dungeon, and saw 8 of its levels.

You collected 261 gold pieces.


Innate Abilities, Weirdness & Mutations

You are a tree.
Your roots penetrate the ground, keeping you stationary.
You cannot be teleported.
You are immune to unholy pain and torment.
Your maximum health is greatly increased.
Your equipment is partially melded.
((You have very sharp teeth.))
Your uncanny sense of smell can sniff out nearby items.
Your experience applies equally to all skills.


   Skills:
 + Level 5.1 Fighting
 + Level 5.1 Short Blades
 + Level 5.1 Long Blades
 + Level 5.1 Axes
 + Level 5.1 Maces & Flails
 + Level 5.1 Polearms
 + Level 5.1 Staves
 + Level 5.1 Ranged Weapons
 + Level 5.1 Throwing
 + Level 5.1 Armour
 + Level 7.0 Dodging
 + Level 6.7 Stealth
 + Level 5.1 Shields
 + Level 5.1 Unarmed Combat
 + Level 8.9 Spellcasting
 + Level 4.8 Conjurations
 + Level 4.2 Hexes
 + Level 4.8 Summonings
 + Level 4.2 Necromancy
 + Level 4.8 Translocations
 + Level 4.2 Transmutations
 + Level 4.2 Fire Magic
 + Level 4.2 Ice Magic
 + Level 4.2 Air Magic
 + Level 4.2 Earth Magic
 + Level 4.2 Poison Magic
 + Level 5.6 Invocations
 + Level 5.1 Evocations


You had 12 spell levels left.
You knew the following spells:

 Your Spells              Type           Power      Damage    Failure   Level
b - Blink                 Tloc           70%        N/A       1%          2
c - Call Imp              Summ           35%        N/A       1%          2
f - Call Canine Familiar  Summ           35%        N/A       2%          3
m - Magic Dart            Conj           100%       1d8       1%          1
s - Stone Arrow           Conj/Erth      66%        3d11      2%          3
M - Mephitic Cloud        Conj/Pois/Air  33%        N/A       2%          3

Your spell library contained the following spells:

 Spells                   Type           Power      Damage    Failure   Level
 Sandblast                Erth           64%        2d14      1%          1
 Slow                     Hex            100%       N/A       1%          1
 Summon Small Mammal      Summ           100%       N/A       1%          1
 Passwall                 Tmut/Erth      26%        N/A       1%          2
 Gell's Gravitas          Tloc           35%        N/A       2%          3
 Kindle Blastsparks       Fire/Tloc/Air  66%        2d15      2%          3
 Summon Guardian Golem    Hex/Summ       33%        N/A       2%          3
 Teleport Other           Tloc           35%        N/A       2%          3
 Dispersal                Tloc           17%        N/A       75%         6
 Starburst                Conj/Fire      16%        6d6       78%         6

Inventory:

Hand Weapons
 a - a +0 dagger
 k - a +0 dagger of holy wrath
   (You took it off a kobold on level 2 of the Dungeon)
 n - a +1 trident (weapon)
   (You took it off an orc on level 3 of the Dungeon)
Missiles
 g - 18 poisoned darts
 h - 69 stones
 t - a throwing net {=f!f}
Armour
 f - a +0 pair of boots (melded)
   (You found it on level 2 of the Dungeon)
 C - a +0 leather armour
   (You found it on level 3 of the Dungeon)
 E - a +0 animal skin
   (You took it off Robin on level 4 of the Dungeon)
 H - a +0 pair of gloves (melded)
   (You found it on level 5 of the Dungeon)
 X - +0 steam dragon scales (melded)
   (You took it off Maggie on level 7 of the Dungeon)
Jewellery
 d - a +6 ring of dexterity
   (You found it on level 6 of the Dungeon)
 D - a +6 ring of dexterity (left branch)
   (You found it on level 5 of the Dungeon)
 I - a +6 ring of intelligence (right branch)
   (You found it on level 6 of the Dungeon)
 R - an amulet of reflection (around neck)
   (You found it on level 5 of the Dungeon)
Wands
 b - a wand of flame (5)
   (You took it off a centaur on level 7 of the Dungeon)
 l - a wand of digging (14)
   (You took it off a gnoll on level 3 of the Dungeon)
 w - a wand of polymorph (5)
   (You found it on level 3 of the Dungeon)
 Y - a wand of roots (5)
   (You took it off Maggie on level 7 of the Dungeon)
Scrolls
 i - 3 scrolls of immolation {!r!r}
 s - 4 scrolls of vulnerability {!r!r}
 y - 2 scrolls of enchant armour {unknown}
 F - a scroll of blinking {unknown}
 G - a scroll of fear {unknown}
 K - a scroll of poison {!r}
Potions
 x - a potion of brilliance
 A - 2 potions of might {unknown}
 N - a potion of mutation {unknown}
 T - a potion of flight {unknown}

Dungeon Overview and Level Annotations

Branches:
Dungeon (7/15) Zot: 26933  Temple (0/1) D:4

Altars:
Dithmenos
Fedhas
Gozag
Trog
Wu Jian
Xom
Yredelemnul
Zin

Shops:
D:10 *

Annotations:
D:1 exclusion: downstairs
D:2 Sigmund
D:4 2 transporters, decrepitude's ghost, amateur VSFi
D:10 2 runed translucent doors

#########
######Yyy♣**.#
##.○....####++#
#..###### E.≈≈
#†## .≈≈#
#######.# ..#
........# .#
........### ∆ #
....Y.....#..?
...#..........#


You could see a water elemental, a yak, 2 killer bees, a friendly ballistomycete
(summoned) and 2 friendly ballistomycete spores.


Message History

Okay, then.
You miss the killer bee.
You feel sick.
The killer bee stings you but does no damage.
The killer bee stings you. 😮 HP[-6] MP[+1]
You take 6 damage, and now have 45/74 hp.
You closely miss the killer bee. Your punch misses the killer bee.
You feel sick. The killer bee barely misses you.
The killer bee stings you but does no damage.
A ballistomycete spore comes into view.
You barely miss the killer bee.
You bite the killer bee, but do no damage.
You feel sick.
The killer bee completely misses you. 😮 HP[-1]
You take 1 damage, and now have 44/74 hp.
You puncture the killer bee!
You feel sick. The killer bee stings you. 😮 HP[-4]
You take 4 damage, and now have 40/74 hp.
You hit the killer bee. You block the killer bee's attack.
You miss the killer bee.
You feel sick.
The killer bee stings you but does no damage.
The killer bee stings you.
* * * LOW HITPOINT WARNING * * *
A ballistomycete spore comes into view. 😨 HP[-5]
You take 5 damage, and now have 35/74 hp.
You puncture the killer bee!
You kill the killer bee!
Fedhas appreciates your contribution to the ecosystem.
You feel sick.
Your Dodging skill increases to level 7!
You walk carefully through the fungus.
Really walk into that cloud of poison gas?
You are engulfed in poison gas.
You are more poisoned.
* * * LOW HITPOINT WARNING * * *
You feel very sick. The explosion of spores engulfs you!!
You are confused.
* * * LOW HITPOINT WARNING * * *
Fedhas protects your plant from harm. x2
The killer bee closely misses you.
You hear a bellow! 😱 HP[-25] MP[+1]
You take 25 damage, and now have 10/74 hp.
MASSIVE DAMAGE!! (PAUSE)
You feel much better.
You are engulfed in poison gas.
You are lethally poisoned!
* * * LOW HITPOINT WARNING * * *
x2 You feel very sick.
The killer bee stings you but does no damage. 😨 HP[+14]
You regained 14 hp, and now have 24/74 hp.
You feel much better.
You are engulfed in poison gas.
You are lethally poisoned!
* * * LOW HITPOINT WARNING * * *
You feel extremely sick. The killer bee misses you.
The killer bee stings you but does no damage.
A ballistomycete spore comes into view. 😨 HP[+9]
You regained 9 hp, and now have 33/74 hp.
You closely miss your ballistomycete spore.
You are engulfed in poison gas.
You are more poisoned.
* * * LOW HITPOINT WARNING * * *
x2 You feel extremely sick.
The killer bee misses you. 😨 HP[-11]
You take 11 damage, and now have 22/74 hp.
You feel much better.
You are engulfed in poison gas.
You are more poisoned.
* * * LOW HITPOINT WARNING * * *
You feel extremely sick. The killer bee closely misses you.
The killer bee barely misses you. 😨 HP[+10]
You regained 10 hp, and now have 32/74 hp.
You bump into the rock wall.
You are engulfed in poison gas.
You are more poisoned.
* * * LOW HITPOINT WARNING * * *
You feel less confused.
* * * LOW HITPOINT WARNING * * *
You feel extremely sick. The explosion of spores engulfs you!
You are confused.
* * * LOW HITPOINT WARNING * * *
Fedhas protects your plant from harm. x2
The killer bee stings you but does no damage.
You hear a shout!
A ballistomycete spore comes into view. 😱 HP[-31]
You take 31 damage, and now have 1/74 hp.
MASSIVE DAMAGE!! (PAUSE) It was a potion of lignification.
You turn into a tree.
Your +0 pair of gloves melds into your body.
Your +0 pair of boots melds into your body.
Your +0 steam dragon scales melds into your body.
Your roots penetrate the ground.
You die...
Fedhas appreciates your contribution to the ecosystem.

Skill      XL: |  1  2  3  4  5  6  7  8  9 10 |
---------------+-------------------------------+-----
Conjurations   | 2 3 4 |  4.8
Summonings     | 2 3 4 |  4.8
Translocations | 2 3 4 |  4.8
Invocations    | 1 2 3 4 5 |  5.6
Fighting       | 1 2 3 5 |  5.1
Short Blades   | 1 2 3 5 |  5.1
Long Blades    | 1 2 3 5 |  5.1
Axes           | 1 2 3 5 |  5.1
Maces & Flails | 1 2 3 5 |  5.1
Polearms       | 1 2 3 5 |  5.1
Staves         | 1 2 3 5 |  5.1
Ranged Weapons | 1 2 3 5 |  5.1
Throwing       | 1 2 3 5 |  5.1
Armour         | 1 2 3 5 |  5.1
Shields        | 1 2 3 5 |  5.1
Unarmed Combat | 1 2 3 5 |  5.1
Evocations     | 1 2 3 5 |  5.1
Hexes          | 1 2 3 4 |  4.2
Necromancy     | 1 2 3 4 |  4.2
Transmutations | 1 2 3 4 |  4.2
Fire Magic     | 1 2 3 4 |  4.2
Ice Magic      | 1 2 3 4 |  4.2
Air Magic      | 1 2 3 4 |  4.2
Earth Magic    | 1 2 3 4 |  4.2
Poison Magic   | 1 2 3 4 |  4.2
Dodging        | 5 6 7 |  7.0
Stealth        | 5 6 |  6.7
Spellcasting   | 8 |  8.9

Action                   |  1- 3 |  4- 6 |  7- 9 | 10-12 || total
-------------------------+-------+-------+-------+-------++-------
Melee: Dagger            |    61 |    18 |       |       ||    79
       Bite              |     6 |     3 |    23 |     1 ||    33
       Punch             |     3 |       |     4 |       ||     7
       Trident           |       |    34 |   185 |    11 ||   230
 Cast: Magic Dart        |    86 |   209 |    49 |       ||   344
       Blink             |       |     1 |       |       ||     1
       Call Imp          |       |     2 |    16 |       ||    18
       Call Canine Famil |       |     1 |    32 |       ||    33
       Mephitic Cloud    |       |       |    10 |       ||    10
       Stone Arrow       |       |       |    19 |       ||    19
Invok: Wall of Briars    |       |     4 |       |       ||     4
       Grow Ballistomyce |       |       |       |     1 ||     1
  Use: Scroll            |     1 |     8 |     3 |     3 ||    15
       Potion            |       |       |     4 |     5 ||     9
 Stab: Sleeping          |     1 |       |     3 |       ||     4
       Confused          |       |       |     7 |       ||     7
       Distracted        |       |       |     4 |       ||     4
Armor: Robe              |    18 |     9 |       |       ||    27
       Leather armour    |       |    16 |    54 |       ||    70
       Steam dragon scal |       |       |     1 |    11 ||    12
Dodge: Dodged            |    70 |    92 |   112 |    20 ||   294
Block: Other             |       |       |    29 |     3 ||    32
       Reflection        |       |       |     2 |       ||     2

Levels and vault maps discovered:
D:1:      lemuel_arrival_muddy, layout_rooms,
          shapermc_ecumenical_altar_mp_ritualfount
D:2:      layout_basic, uniq_sigmund, uniq_jessica
D:3:      layout_rooms, xom_teletrap_fun, yredelemnul_forgotten_temple_becter,
          minmay_circle_x
D:4:      layout_gridville, mainiacjoe_overflow_alcove_2,
          chequers_temple_overflow_statue_of_worship, temple_pool_b,
          gammafunk_ghost_arena, uniq_robin
D:5:      layout_gridville, kennysheep_mini_moat, hangedman_decor_growths,
          uniq_pikel
D:6:      layout_basic, zin_statuary, reono_crystal_passage, uniq_grinder
D:7:      layout_basic, mainiacjoe_overflow_big_doors, uniq_maggie,
          uniq_crazy_yiuf_cottage, uniq_duvessa
D:10:     layout_rooms, serial_shops, shop_fountains, nicolae_shop_hallway_plus,
          grunt_ministairs_14, nicolae_shop_i_like_big_books,
          lightli_elemental_guards

Notes
Turn   | Place    | Note
-------+----------+-------------------------------------------
     0 | D:1      | esteth the Gnoll Hedge Wizard began the quest for the Orb.
     0 | D:1      | Reached XP level 1. HP: 13/13 MP: 8/8
     0 | D:1      | magus.rc [v1.11.3]
   254 | D:1      | Reached skill level 2 in Conjurations
   254 | D:1      | Reached skill level 2 in Summonings
   254 | D:1      | Reached skill level 2 in Translocations
   308 | D:1      | Upgraded the game from 0.30-a0-54-g2e61a25929 to
                  | 0.30-a0-297-g0ec75d9ef4
   308 | D:1      | magus.rc [v1.11.3]
   343 | D:1      | Found a faded altar of an unknown god.
   351 | D:1      | Prayed at the altar of an unknown god.
   351 | D:1      | Became a worshipper of Fedhas Madash
   351 | D:1      | Reached * piety under Fedhas
   365 | D:1      | Reached XP level 2. HP: 19/19 MP: 7/10
   528 | D:1      | You add the spells Gell's Gravitas, Teleport Other and
                  | Dispersal to your library.
   894 | D:1      | Reached XP level 3. HP: 25/25 MP: 8/11
  1141 | D:2      | Upgraded the game from 0.30-a0-297-g0ec75d9ef4 to
                  | 0.30-a0-374-g95c0257040
  1141 | D:2      | magus.rc [v1.11.3]
  1186 | D:2      | Learned a level 2 spell: Blink
  1264 | D:2      | Reached skill level 1 in Invocations
  1401 | D:2      | You pick up a book of Callings and begin reading...
  1401 | D:2      | You add the spells Summon Small Mammal, Call Canine
                  | Familiar and Summon Guardian Golem to your library.
  1550 | D:2      | Reached ** piety under Fedhas
  1760 | D:2      | Reached skill level 1 in Fighting
  1760 | D:2      | Reached skill level 1 in Short Blades
  1760 | D:2      | Reached skill level 1 in Long Blades
  1760 | D:2      | Reached skill level 1 in Axes
  1760 | D:2      | Reached skill level 1 in Maces & Flails
  1760 | D:2      | Reached skill level 1 in Polearms
  1760 | D:2      | Reached skill level 1 in Staves
  1760 | D:2      | Reached skill level 1 in Ranged Weapons
  1760 | D:2      | Reached skill level 1 in Throwing
  1760 | D:2      | Reached skill level 1 in Armour
  1760 | D:2      | Reached skill level 1 in Shields
  1760 | D:2      | Reached skill level 1 in Unarmed Combat
  1760 | D:2      | Reached skill level 1 in Evocations
  1797 | D:2      | Noticed Jessica
  1803 | D:2      | Killed Jessica
  1804 | D:2      | Reached XP level 4. HP: 32/32 MP: 5/13
  1809 | D:2      | Reached skill level 1 in Hexes
  1809 | D:2      | Reached skill level 1 in Necromancy
  1809 | D:2      | Reached skill level 1 in Transmutations
  1809 | D:2      | Reached skill level 1 in Fire Magic
  1809 | D:2      | Reached skill level 1 in Ice Magic
  1809 | D:2      | Reached skill level 1 in Air Magic
  1809 | D:2      | Reached skill level 1 in Earth Magic
  1809 | D:2      | Reached skill level 1 in Poison Magic
  2632 | D:2      | Reached XP level 5. HP: 31/37 MP: 7/14
  2898 | D:2      | Noticed Sigmund
  3346 | D:3      | Found a shimmering altar of Xom.
  3701 | D:3      | Found a basalt altar of Yredelemnul.
  3828 | D:3      | Reached skill level 2 in Invocations
  3828 | D:3      | Reached XP level 6. HP: 42/44 MP: 8/16
  3978 | D:3      | Reached skill level 5 in Dodging
  3989 | D:3      | Reached skill level 2 in Fighting
  3989 | D:3      | Reached skill level 2 in Short Blades
  3989 | D:3      | Reached skill level 2 in Long Blades
  3989 | D:3      | Reached skill level 2 in Axes
  3989 | D:3      | Reached skill level 2 in Maces & Flails
  3989 | D:3      | Reached skill level 2 in Polearms
  3989 | D:3      | Reached skill level 2 in Staves
  3989 | D:3      | Reached skill level 2 in Ranged Weapons
  3989 | D:3      | Reached skill level 2 in Throwing
  3989 | D:3      | Reached skill level 2 in Armour
  3989 | D:3      | Reached skill level 2 in Shields
  3989 | D:3      | Reached skill level 2 in Unarmed Combat
  3989 | D:3      | Reached skill level 2 in Evocations
  4121 | D:3      | You add the spells Kindle Blastsparks and Starburst to your
                  | library.
  4121 | D:3      | Got Wouwab's Lectures on Kindling
  4223 | D:4      | Found a transporter.
  4228 | D:4      | Noticed decrepitude's ghost (amateur VSFi)
  4252 | D:4      | Found a staircase to the Ecumenical Temple.
  4282 | D:4      | Found a bloodstained altar of Trog.
  4505 | D:4      | Found an opulent altar of Gozag.
  4523 | D:4      | Found an ornate altar of the Wu Jian Council.
  4824 | D:4      | Found a transporter.
  4845 | D:4      | Reached *** piety under Fedhas
  5032 | D:4      | Noticed Robin
  5054 | D:4      | Killed Robin
  5189 | D:4      | Learned a level 2 spell: Call Imp
  5193 | D:4      | Learned a level 3 spell: Mephitic Cloud
  5197 | D:4      | Learned a level 3 spell: Call Canine Familiar
  5244 | D:5      | Entered Level 5 of the Dungeon
  5256 | D:5      | Reached XP level 7. HP: 46/50 MP: 9/18
  5263 | D:5      | Reached skill level 2 in Hexes
  5263 | D:5      | Reached skill level 2 in Necromancy
  5263 | D:5      | Reached skill level 2 in Transmutations
  5263 | D:5      | Reached skill level 2 in Fire Magic
  5263 | D:5      | Reached skill level 2 in Ice Magic
  5263 | D:5      | Reached skill level 2 in Air Magic
  5263 | D:5      | Reached skill level 2 in Earth Magic
  5263 | D:5      | Reached skill level 2 in Poison Magic
  5275 | D:5      | Reached skill level 5 in Stealth
  5275 | D:5      | Reached skill level 3 in Conjurations
  5275 | D:5      | Reached skill level 3 in Summonings
  5275 | D:5      | Reached skill level 3 in Translocations
  5280 | D:5      | Reached skill level 3 in Invocations
  5838 | D:5      | Reached skill level 3 in Fighting
  5838 | D:5      | Reached skill level 3 in Short Blades
  5838 | D:5      | Reached skill level 3 in Long Blades
  5838 | D:5      | Reached skill level 3 in Axes
  5838 | D:5      | Reached skill level 3 in Maces & Flails
  5838 | D:5      | Reached skill level 3 in Polearms
  5838 | D:5      | Reached skill level 3 in Staves
  5838 | D:5      | Reached skill level 3 in Ranged Weapons
  5838 | D:5      | Reached skill level 3 in Throwing
  5838 | D:5      | Reached skill level 3 in Armour
  5838 | D:5      | Reached skill level 3 in Shields
  5838 | D:5      | Reached skill level 3 in Unarmed Combat
  5838 | D:5      | Reached skill level 3 in Evocations
  5838 | D:5      | Reached XP level 8. HP: 50/58 MP: 13/19
  5931 | D:5      | Noticed Pikel
  6387 | D:4      | Killed Pikel
  6388 | D:4      | Reached skill level 8 in Spellcasting
  6621 | D:5      | Reached skill level 3 in Hexes
  6621 | D:5      | Reached skill level 3 in Necromancy
  6621 | D:5      | Reached skill level 3 in Transmutations
  6621 | D:5      | Reached skill level 3 in Fire Magic
  6621 | D:5      | Reached skill level 3 in Ice Magic
  6621 | D:5      | Reached skill level 3 in Air Magic
  6621 | D:5      | Reached skill level 3 in Earth Magic
  6621 | D:5      | Reached skill level 3 in Poison Magic
  6621 | D:5      | Reached skill level 4 in Invocations
  6703 | D:5      | Reached skill level 6 in Dodging
  6909 | D:5      | Found a shadowy altar of Dithmenos.
  7195 | D:6      | Reached XP level 9. HP: 55/65 MP: 18/21
  7276 | D:6      | Reached skill level 4 in Fighting
  7276 | D:6      | Reached skill level 4 in Short Blades
  7276 | D:6      | Reached skill level 4 in Long Blades
  7276 | D:6      | Reached skill level 4 in Axes
  7276 | D:6      | Reached skill level 4 in Maces & Flails
  7276 | D:6      | Reached skill level 4 in Polearms
  7276 | D:6      | Reached skill level 4 in Staves
  7276 | D:6      | Reached skill level 4 in Ranged Weapons
  7276 | D:6      | Reached skill level 4 in Throwing
  7276 | D:6      | Reached skill level 4 in Armour
  7276 | D:6      | Reached skill level 4 in Shields
  7276 | D:6      | Reached skill level 4 in Unarmed Combat
  7276 | D:6      | Reached skill level 4 in Conjurations
  7276 | D:6      | Reached skill level 4 in Summonings
  7276 | D:6      | Reached skill level 4 in Translocations
  7276 | D:6      | Reached skill level 4 in Evocations
  7740 | D:6      | Reached skill level 6 in Stealth
  7879 | D:6      | Reached **** piety under Fedhas
  7952 | D:6      | Noticed Grinder
  7957 | D:6      | You pick up a book of Geomancy and begin reading...
  7957 | D:6      | You add the spells Sandblast, Passwall and Stone Arrow to
                  | your library.
  7966 | D:6      | Paralysed by Grinder for 3 turns
  7970 | D:6      | Killed Grinder
  8032 | D:6      | Learned a level 3 spell: Stone Arrow
  8293 | D:6      | Found a glowing silver altar of Zin.
  8331 | D:6      | Reached skill level 5 in Invocations
  8593 | D:6      | You pick up a book of Geomancy and begin reading...
  8948 | D:7      | Noticed Maggie
  8962 | D:7      | Killed Maggie
  9284 | D:7      | Reached skill level 4 in Hexes
  9284 | D:7      | Reached skill level 4 in Necromancy
  9284 | D:7      | Reached skill level 4 in Transmutations
  9284 | D:7      | Reached skill level 4 in Fire Magic
  9284 | D:7      | Reached skill level 4 in Ice Magic
  9284 | D:7      | Reached skill level 4 in Air Magic
  9284 | D:7      | Reached skill level 4 in Earth Magic
  9284 | D:7      | Reached skill level 4 in Poison Magic
  9573 | D:7      | You fall into a shaft and drop 3 floors!
  9573 | D:10     | Entered Level 10 of the Dungeon
  9575 | D:10     | Found a large runed translucent door.
  9575 | D:10     | Found a large runed translucent door.
  9586 | D:10     | Found Xuw Papt's General Store.
  9614 | D:10     | Reached skill level 5 in Fighting
  9614 | D:10     | Reached skill level 5 in Short Blades
  9614 | D:10     | Reached skill level 5 in Long Blades
  9614 | D:10     | Reached skill level 5 in Axes
  9614 | D:10     | Reached skill level 5 in Maces & Flails
  9614 | D:10     | Reached skill level 5 in Polearms
  9614 | D:10     | Reached skill level 5 in Staves
  9614 | D:10     | Reached skill level 5 in Ranged Weapons
  9614 | D:10     | Reached skill level 5 in Throwing
  9614 | D:10     | Reached skill level 5 in Armour
  9614 | D:10     | Reached skill level 5 in Shields
  9614 | D:10     | Reached skill level 5 in Unarmed Combat
  9614 | D:10     | Reached skill level 5 in Evocations
  9614 | D:10     | Reached XP level 10. HP: 74/74 MP: 3/22
  9628 | D:10     | Identified a scroll of acquirement
  9628 | D:10     | Acquired a book of Hexes
  9637 | D:10     | Reached skill level 7 in Dodging
  9637 | D:10     | HP: 10/74 [spore (18)]
  9642 | D:10     | HP: 16/74 [poisoned by you (poison gas)]
  9642 | D:10     | HP: 1/74 [spore (15)]
  9643 | D:10     | Succumbed to their own poison gas

Vanquished Creatures
  Pikel (D:4)
  3 yaks (D:10)
  A water moccasin (D:5)
  2 ice beasts
  2 ogres (D:6)
  A centaur (D:7)
  A phantom (D:6)
  3 lemures
  A bullfrog (D:7)
  3 scorpions
  A killer bee (D:10)
  2 jellies
  2 hounds
  5 orc priests
  Jessica (D:2)
  2 orc wizards
  An iguana (D:4)
  Robin (D:4)
  3 gnolls
  10 adders
  A white imp (D:6)
  2 ufetubi
  2 worms (D:2)
  4 dart slugs (D:1)
  18 orcs
  5 ball pythons
  5 endoplasms
  3 giant cockroaches
  14 goblins
  7 hobgoblins
  2 kobolds
  7 quokkas
  6 bats
  6 frilled lizards
  8 rats
  A spectral orc (D:3)
137 creatures vanquished.

Vanquished Creatures (collateral kills)
  Maggie (D:7)
  Grinder (D:6)
  A black bear (D:5)
  2 ice beasts
  An ogre (D:5)
  A phantom (D:6)
  A bullfrog (D:5)
  A necrophage (D:5)
  A hound (D:3)
  An orc wizard (D:7)
  2 gnolls (D:2)
  2 white imps (D:6)
  3 orcs
  An endoplasm (D:3)
19 creatures vanquished.

Grand Total: 156 creatures vanquished

Table legend:
 A = Non-vault XP
 B = Vault XP
 C = Vault XP percentage of total XP
 D = Non-vault monster count
 E = Vault monster count
 F = Vault count percentage of total count
                 A         B        C        D         E       F
            +---------+---------+-------+---------+---------+-------
      Total |    2975 |    2127 |  41.7 |     127 |      26 |  17.0
            +---------+---------+-------+---------+---------+-------
        D:1 |      37 |       0 |   0.0 |      18 |       0 |   0.0
        D:2 |     139 |      37 |  21.0 |      30 |       1 |   3.2
        D:3 |     120 |      76 |  38.8 |      21 |       7 |  25.0
        D:4 |      87 |     709 |  89.1 |      11 |      13 |  54.2
        D:5 |    1056 |       0 |   0.0 |      12 |       0 |   0.0
        D:6 |    1094 |     277 |  20.2 |      21 |       1 |   4.5
        D:7 |     381 |     389 |  50.5 |      13 |       1 |   7.1
       D:10 |      61 |     639 |  91.3 |       1 |       3 |  75.0
            +---------+---------+-------+---------+---------+-------

Illustrated notes

Table legend:
 A = Kills in this place as a percentage of kills in entire the game.
 B = Kills by you in this place as a percentage of kills by you in the entire game.
 C = Kills by friends in this place as a percentage of kills by friends in the entire game.
 D = Other kills in this place as a percentage of other kills in the entire game.
 E = Experience gained in this place as a percentage of experience gained in the entire game.
 F = Experience gained in this place divided by the number of levels of this place that you have seen.
                   A       B       C       D       E      F
               +-------+-------+-------+-------+-------+----------------------
         Total | 100.0 | 100.0 | 100.0 | 100.0 | 100.0 | 637.8
       Dungeon | 100.0 | 100.0 | 100.0 | 100.0 | 100.0 | 637.8
               +-------+-------+-------+-------+-------+----------------------

Table legend: (Time is in decaauts)
 A = Elapsed time spent in this place.
 B = Non-inter-level travel time spent in this place.
 C = Inter-level travel time spent in this place.
 D = Time resting spent in this place.
 E = Time spent auto-exploring this place.
 F = Levels seen in this place.
 G = Mean time per level.
                   A        B        C        D        E       F      G
               +--------+--------+--------+--------+--------+-----+--------+
         Total |   9669 |   9475 |    194 |   1342 |   6352 |   8 | 1208.6 |
       Dungeon |   9669 |   9475 |    194 |   1342 |   6352 |   8 | 1208.6 |
               +--------+--------+--------+--------+--------+-----+--------+

Top non-repeatable levels by time:
     D:6: 1655 daAuts
     D:2: 1633 daAuts
     D:5: 1477 daAuts
     D:4: 1440 daAuts
     D:3: 1319 daAuts
     D:1: 1270 daAuts
     D:7: 807 daAuts
    D:10: 66 daAuts
